 Dungeon Crawl Stone Soup version 0.27.0-1-g7a089689b8 (webtiles) character file.

Game seed: 9546970690507300490

81 ZARRMARR the Chopper (level 4, 0/40 HPs)
             Began as a Hill Orc Monk on Aug 9, 2021.
             Slain by Ijyb (2 damage)
             ... on level 3 of the Dungeon.
             The game lasted 00:07:49 (2367 turns).

ZARRMARR the Chopper (Hill Orc Monk)                Turns: 2367, Time: 00:07:49

Health: 0/40       AC:  3    Str: 20    XL:     4   Next: 42%
Magic:  4/4        EV: 12    Int: 10    God:
Gold:   115        SH:  0    Dex: 13    Spells: 3/3 levels left

rFire    . . .     SeeInvis .   a - +0 hand axe
rCold    . . .     Faith    .   (no shield)
rNeg     . . .     Spirit   .   b - +0 robe
rPois    .         Reflect  .   (no helmet)
rElec    .         Harm     .   i - +0 cloak
rCorr    .         Rampage  .   (no gloves)
Will     .....                  (no boots)
Stlth    +.........             (no amulet)
HPRegen  0.13/turn              e - +6 ring of strength
MPRegen  0.09/turn              (no ring)

@: confused
A: no striking features
a: no special abilities


You were on level 3 of the Dungeon.
You visited 1 branch of the dungeon, and saw 3 of its levels.

You collected 115 gold pieces.

Inventory:

Hand Weapons
 a - a +0 hand axe (weapon)
Missiles
 d - 75 stones
 f - 4 boomerangs (quivered)
Armour
 b - a +0 robe (worn)
 i - a +0 cloak (worn)
Jewellery
 e - a +6 ring of strength (left hand)
Scrolls
 c - 2 scrolls of immolation
 k - a scroll of fog {unknown}
 l - a scroll of amnesia {unknown}
 m - a scroll of fear {unknown}
Potions
 g - a potion of resistance
 h - a potion of curing {unknown}
 j - a potion of heal wounds {unknown}


   Skills:
 + Level 4.0 Fighting
 + Level 5.0 Axes
 + Level 1.2 Throwing
 + Level 2.9 Dodging
 + Level 2.0 Stealth


You had 3 spell levels left.
You didn't know any spells.
Your spell library was empty.

Dungeon Overview and Level Annotations

Branches:
Dungeon (3/15)

Altars:
Xom

Annotations:
D:3 Ijyb


Message History

Ijyb hits you with a +0 dagger.
* * * LOW HITPOINT WARNING * * *
You bump into the rock wall.
Ijyb hits you with a +0 dagger.
* * * LOW HITPOINT WARNING * * *
You're too confused to move!
You hear the rusting of a very distant drain.
Ijyb zaps a wand.
You resist with some effort.
You miss Ijyb.
Ijyb is severely wounded.
Ijyb hits you with a +0 dagger.
* * * LOW HITPOINT WARNING * * *
Ijyb hits you with a +0 dagger.
* * * LOW HITPOINT WARNING * * *
You hit Ijyb.
Ijyb is severely wounded.
Ijyb misses you.
You bump into the rock wall.
Ijyb zaps a wand.
Your will is overpowered!
You are more confused.
The now-empty wand crumbles to dust.
You bump into the rock wall.
Ijyb barely misses you.
You closely miss Ijyb.
Ijyb is severely wounded.
Ijyb misses you.
You miss Ijyb.
Ijyb is severely wounded.
Ijyb hits you but does no damage. Ijyb barely misses you.
Ijyb hits you with a +0 dagger.
* * * LOW HITPOINT WARNING * * *
You barely miss Ijyb.
Ijyb is severely wounded.
Ijyb completely misses you.
You barely miss Ijyb.
Ijyb is severely wounded.
Ijyb hits you with a +0 dagger.
* * * LOW HITPOINT WARNING * * *
You closely miss Ijyb.
Ijyb is severely wounded.
Ijyb hits you with a +0 dagger.
You die...

##### #.#
......#.###############
#.................#
#.#.#############.#
#.#.. #.. #.# # ####
#.#### #.# #.#..# #.#
#.####.#.g#.# #.#
#.......@...# #.#
######.########.#
#..........#
############


You could see Ijyb.

Vanquished Creatures
  3 adders
  A worm (D:2)
  A dart slug (D:1)
  2 bats
  3 endoplasms
  2 giant cockroaches (D:1)
  6 goblins
  3 hobgoblins
  7 jackals
  5 kobolds
  2 quokkas
  4 ball pythons
  4 frilled lizards
  4 rats
47 creatures vanquished.

Vanquished Creatures (others)
  47 plants (D:3)
47 creatures vanquished.

Grand Total: 94 creatures vanquished

Notes
Turn   | Place    | Note
-------+----------+-------------------------------------------
     0 | D:1      | ZARRMARR the Hill Orc Monk began the quest for the Orb.
     0 | D:1      | Reached XP level 1. HP: 19/19 MP: 1/1
   205 | D:1      | You fall into a shaft and drop 1 floor!
   221 | D:2      | Reached XP level 2. HP: 15/27 MP: 2/2
   740 | D:1      | Reached XP level 3. HP: 33/33 MP: 3/3
  1138 | D:1      | Found a faded altar of an unknown god.
  1645 | D:2      | Found a shimmering altar of Xom.
  1902 | D:2      | Reached skill level 1 in Throwing
  1902 | D:2      | Reached XP level 4. HP: 30/40 MP: 4/4
  2178 | D:3      | Reached skill level 5 in Axes
  2334 | D:3      | Noticed Ijyb
  2366 | D:3      | HP: 2/40 [Ijyb (2)]
  2367 | D:3      | Slain by Ijyb

Illustrated notes

Levels and vault maps discovered:
D:1:      dpeg_arrival_simpleton_a, layout_basic,
          shapermc_ecumenical_altar_venn, minmay_split_cup_small
D:2:      layout_rooms, basic_altar, kennysheep_path_1
D:3:      layout_basic, mainiacjoe_overflow_catch_the_wave,
          portal_sewer_entry_b, uniq_ijyb

Skill      XL: |  1  2  3  4 |
---------------+-------------+-----
Fighting       | 4 |  4.0
Throwing       | 1 |  1.2
Stealth        | 2 |  2.0
Axes           | 5 |  5.0
Dodging        | |  2.9

Action                   |  1- 3 |  4- 6 || total
-------------------------+-------+-------++-------
Melee: Hand axe          |    68 |    32 ||   100
Throw: Boomerang         |    38 |     4 ||    42
       Stone             |     4 |       ||     4
  Use: Scroll            |     1 |     1 ||     2
 Stab: Sleeping          |     6 |     1 ||     7
Armor: Robe              |    17 |     9 ||    26
Dodge: Dodged            |    40 |    20 ||    60
